 Dungeon Crawl Stone Soup version 0.31.0-32-g396128a36d (webtiles) character file.

Game seed: 6455932777442365425

75 PaiMei the Gusty (level 4, -6/25 HPs)
             Began as a Tengu Air Elementalist on Mar 15, 2024.
             Mangled by Terence
             ... wielding a +0 flail
              (8 damage)
             ... on level 3 of the Dungeon.
             The game lasted 00:03:14 (2458 turns).

PaiMei the Gusty (Tengu Air Elementalist)           Turns: 2458, Time: 00:03:15

Health: -6/25      AC:  2    Str:  8    XL:     4   Next: 31%
Magic:  1/8        EV: 13    Int: 18    God:
Gold:   153        SH:  0    Dex: 14    Spells: 5/8 levels left

rFire   . . .        c - +0 short sword
rCold   + . .        (no shield)
rNeg    . . .        k - +0 robe of the Meadowlark {rC+ rCorr}
rPois   .            (helmet restricted)
rElec   .            (no cloak)
rCorr   +            (no gloves)
SInv    .            (boots unavailable)
Will    .....        (no amulet)
Stlth   ++           (no ring)
HPRegen 0.24/turn    (no ring)
MPRegen 0.11/turn

%: acrobat
@: very slightly contaminated
A: beak, talons 3, acrobatic
a: no special abilities


You were on level 3 of the Dungeon.
You visited 1 branch of the dungeon, and saw 3 of its levels.

You collected 153 gold pieces.

Inventory:

Hand Weapons
 c - a +0 short sword (weapon)
Missiles
 f - 2 darts of dispersal (quivered)
 l - 2 poisoned darts
Armour
 a - a +0 robe
 k - the +0 robe of the Meadowlark (worn) {rC+ rCorr}
   (You found it on level 2 of the Dungeon)

   rC+:       It protects you from cold.
   rCorr:     It protects you from acid and corrosion.
Scrolls
 e - 3 scrolls of immolation {unknown}
 g - 3 scrolls of identify {unknown}
 o - a scroll of vulnerability {unknown}
 p - 3 scrolls of revelation {unknown}
Potions
 b - 2 potions of magic
 d - 4 potions of curing {unknown}
 h - a potion of enlightenment {unknown}
 i - 2 potions of might {unknown}
 j - a potion of haste {unknown}
 m - a potion of mutation {unknown}
 n - 2 potions of invisibility {unknown}
 q - a potion of attraction {unknown}


   Skills:
 + Level 1.0 Fighting
 + Level 2.9 Dodging
 - Level 2.3 Stealth
 + Level 2.6 Spellcasting
 - Level 2.0 Conjurations
 + Level 4.7 Air Magic


You had 5 spell levels left.
You knew the following spells:

 Your Spells              Type           Power      Damage    Failure   Level
a - Shock                 Conj/Air       56%        1d6       4%          1
b - Static Discharge      Conj/Air       28%        3-5/arc   6%          2

Your spell library contained the following spells:

 Spells                   Type           Power      Damage    Failure   Level
 Swiftness                Air            19%        N/A       7%          3
 Airstrike                Air            9%         2d(2-18)  24%         4
 Dazzling Flash           Conj/Hex       12%        N/A       32%         3
 Volatile Blastmotes      Fire/Tloc      4%         2d10      45%         3
 Starburst                Conj/Fire      3%         6d3       100%        6
 Maxwell's Capacitive Co  Air            9%         ∞         100%        8


Dungeon Overview and Level Annotations

Branches:
Dungeon (3/15)

Altars:

Annotations:
D:3 Terence


Innate Abilities, Weirdness & Mutations

You have a beak for a mouth.
You have claws for feet.
You can magically evade attacks while moving or waiting.


Message History

Press: ? - help, Shift-Dir - straight line, f/p - Terence
Aim: Terence, wielding a +0 flail and wearing a +0 scale mail (heavily wounded, 75% to hit)
The zap hits Terence.
Terence is heavily wounded.
The zap hits the goblin.
You kill the goblin!
Terence barely misses you.
Casting: Shock (safe; 4% risk of failure)
Confirm with . or Enter, or press ? or * to list all spells.
You don't have enough magic to cast this spell.
You hit Terence but do no damage.
Terence is heavily wounded.
Terence closely misses you.
You hit Terence but do no damage.
Terence is heavily wounded.
Terence closely misses you.
You hit Terence. You claw Terence, but do no damage.
Terence is severely wounded.
Terence hits you with a +0 flail.
* * * LOW HITPOINT WARNING * * *
Casting: Shock (safe; 4% risk of failure)
Confirm with . or Enter, or press ? or * to list all spells.
You don't have enough magic to cast this spell.
Casting: Shock (safe; 4% risk of failure)
Confirm with . or Enter, or press ? or * to list all spells.
You don't have enough magic to cast this spell.
You hit Terence but do no damage. Your peck misses Terence.
Terence is severely wounded.
Terence barely misses you.
You barely miss Terence. Your kick misses Terence. Your peck misses Terence.
Terence is severely wounded.
Terence completely misses you.
You barely miss Terence. You peck Terence, but do no damage.
Terence is severely wounded.
Terence barely misses you.
You hit Terence but do no damage. You claw Terence. You peck Terence.
Terence is severely wounded.
Terence hits you with a +0 flail!
You die...
Terence says, "That felt goooood."

.# #. #.## # #[
#...#.# #.## ..[...#
###..# ###......# #.>
... ........# ###.#
#.# ####.....#.# ...#
#.###.@@).......
#..###.....###.#.##.>
#..##...#### .#
######..#.#.#.### .#
........#.#.....# .#
............#.#.# .#
........##...##.# .#
#...########## # ..
..#.#


You could see Terence.

Vanquished Creatures
  3 adders (D:2)
  7 bats
  3 endoplasms
  3 giant cockroaches (D:1)
  9 goblins
  5 hobgoblins
  2 jackals (D:2)
  5 ball pythons
  4 kobolds (D:1)
  3 rats
44 creatures vanquished.

Notes
Turn   | Place    | Note
-------+----------+-------------------------------------------
     0 | D:1      | PaiMei the Tengu Air Elementalist began the quest for the
                  | Orb.
     0 | D:1      | Reached XP level 1. HP: 10/10 MP: 4/4
   129 | D:1      | Reached XP level 2. HP: 15/15 MP: 3/6
   824 | D:1      | Reached XP level 3. HP: 19/19 MP: 1/7
   827 | D:1      | Learned a level 2 spell: Static Discharge
  1430 | D:2      | Identified the +0 robe of the Meadowlark {rC+ rCorr}
  1775 | D:2      | Reached XP level 4. HP: 24/24 MP: 1/8
  1890 | D:2      | Reached skill level 1 in Fighting
  2418 | D:3      | Noticed Terence
  2447 | D:3      | HP: 1/25 [Terence/+0 flail (11)]
  2454 | D:3      | HP: 1/25 [Terence/+0 flail (2)]
  2458 | D:3      | Mangled by Terence

Illustrated notes

Levels and vault maps discovered:
D:1:      dpeg_arrival_tiny_j, layout_loops_ring, lemuel_flame_loot_1
D:2:      layout_basic, minmay_strange_pillars
D:3:      layout_loops_ring, kennysheep_decorative_pillar, uniq_terence,
          uniq_sigmund

Skill      XL: |  1  2  3  4 |
---------------+-------------+-----
Conjurations   | 2 |  2.0
Fighting       | 1 |  1.0
Dodging        | |  2.9
Stealth        | |  2.3
Spellcasting   | |  2.6
Air Magic      | |  4.7

Action                     |  1- 3 |  4- 6 || total
---------------------------+-------+-------++-------
  Melee: Short sword       |     8 |     9 ||    17
         Kick              |     1 |     3 ||     4
         Peck              |       |     3 ||     3
   Cast: Shock             |    65 |    25 ||    90
 Armour: Robe              |     4 |     6 ||    10
  Dodge: Dodged            |    11 |    15 ||    26
